 Dungeon Crawl Stone Soup version 0.18-a0-1126-ga2d7f46 (webtiles) character file.

486 Chiseanne the Skirmisher (level 6, 0/56 HPs)
             Began as a Centaur Air Elementalist on Jan 20, 2016.
             Was an Initiate of Gozag.
             Succumbed to a scorpion's poison
             ... on level 5 of the Dungeon.
             The game lasted 00:12:00 (5033 turns).

Chiseanne the Skirmisher (Centaur Air Elementalist) Turns: 5033, Time: 00:12:00

Health: 0/56       AC:  7    Str: 13    XL:     6   Next: 89%
Magic:  1/8        EV:  8    Int: 16    God:    Gozag
Gold:   187        SH:  0    Dex: 13    Spells: 2 memorised, 5 levels left

rFire  . . .     SeeInvis .     e - +0 spear
rCold  . . .     Gourm    .     h - +1 ring mail
rNeg   . . .     Faith    .     (no shield)
rPois  .         Spirit   .     (no helmet)
rElec  .         Dismiss  .     (no cloak)
rCorr  .         Reflect  .     (no gloves)
SustAt .         Harm     .     (no barding)
MR     .....                    (no amulet)
Stlth  ..........               x - +2 ring of strength
                                k - +4 ring of dexterity

@: lethally poisoned (0 -> -11), gold aura, very slightly contaminated, very
quick, not resistant to hostile enchantments, extremely unstealthy
A: hooves 3, deformed body, speed 2, tough skin 3
a: Potion Petition, Call Merchant, Bribe Branch, Renounce Religion


You were on level 5 of the Dungeon.
You worshipped Gozag.
Gozag was noncommittal.
You were not hungry.

You visited 1 branch of the dungeon, and saw 5 of its levels.

You collected 245 gold pieces.
You paid 58 gold pieces to Gozag.

Inventory:

Hand Weapons
 e - a +0 spear (weapon)
 f - a +0 morningstar
 s - a +0 trident
Missiles
 a - 80 arrows
 o - 13 poisoned bolts
 q - 21 sling bullets
 u - 15 bolts
 v - 13 arrows of flame
Armour
 h - a +1 ring mail (worn)
Jewellery
 i - an uncursed ring of see invisible
 k - a +4 ring of dexterity (left hand)
 x - a +2 ring of strength (right hand)
Scrolls
 d - 9 scrolls of remove curse
 w - a scroll of identify
 y - a scroll of recharging
 A - 2 scrolls of enchant armour
Potions
 j - a potion of curing {unknown}
 l - a potion of resistance
Books
 b - a book of Air

   Spells                             Type                      Level
   a - Shock                          Conjuration/Air              1
   b - Swiftness                      Charms/Air                   2
   c - Repel Missiles                 Charms/Air                   2
   d - Static Discharge               Conjuration/Air              3
   e - Lightning Bolt                 Conjuration/Air              5
 g - a book of the Earth

   Spells                             Type                      Level
   a - Leda's Liquefaction            Hexes/Earth                  4
   b - Bolt of Magma                  Conjuration/Fire/Earth       5
   c - Statue Form                    Transmutation/Earth          6
   d - Iron Shot                      Conjuration/Earth            6
   e - Shatter                        Earth                        9
Comestibles
 c - 3 bread rations
 m - a beef jerky
 n - a slice of pizza
 t - 2 meat rations


   Skills:
 * Level 5.1 Fighting
 * Level 3.4 Armour
 - Level 1.3 Dodging
 - Level 1.2 Stealth
 - Level 1.5 Spellcasting
 - Level 0.8 Conjurations
 - Level 2.6 Air Magic


You had 5 spell levels left.
You knew the following spells:

 Your Spells              Type           Power        Failure   Level  Hunger
a - Shock                 Conj/Air       #...         24%         1    ##.....
b - Repel Missiles        Chrm/Air       #.....       41%         2    ###....


Dungeon Overview and Level Annotations

Branches:
Dungeon (5/15)             Temple (0/1) D:5

Altars:
Gozag
Trog

Annotations:
D:3 M4edhros's ghost, amateur OpAr
D:4 Sigmund
D:5 exclusion: upstairs


Innate Abilities, Weirdness & Mutations

You have hooves in place of feet.
Armour fits poorly on your strangely shaped body.
You cover ground very quickly.
You have extremely tough skin (AC +3).


Message History

* * * LOW HITPOINT WARNING * * *
You feel sick. The scorpion barely misses you.
You hit the scorpion.
The scorpion is almost dead.
* * * LOW HITPOINT WARNING * * *
You feel sick.
The scorpion stings you but does no damage.
Casting: Shock
Confirm with . or Enter, or press ? or * to list all spells.
Aiming: Shock
Press: ? - help, Shift-Dir - straight line, f/p - scorpion
Aim: a scorpion (almost dead)
The zap misses the scorpion.
* * * LOW HITPOINT WARNING * * *
You feel sick. The scorpion stings you.
* * * LOW HITPOINT WARNING * * *
You hit the scorpion.
You kill the scorpion!
You die...
Your body crumbles into a pile of gold.

§≈...≈...§≈###...# #######
§.≈.§§§.§§.'.#...###.....# .
§≈s≈.§.≈§§.'......#.≈≈...#######
≈.≈.§§≈.≈§§'.#.....≈≈≈≈≈..##...#
.≈...≈...≈≈#.....##§§§≈.#.#.....
≈.≈.§.≈.≈§≈###.....§§...........
.§.≈s§.≈§≈## ##.########.#......
≈§≈.≈§≈≈§## #$# #.#......
.§..§§≈§#### #@# #........
≈.§§≈§≈##..## #.# ###......
...≈≈≈# ##..# #.# #...... ≈≈≈≈≈#
##.###.## #...... ######
#.##...# ##..... ..#.####
#..#.#.# ##...# ..o....#
##.._..# ##### ###....## ###.###
##....## #...#


There were no monsters in sight!

Vanquished Creatures
  An ogre (D:5)
  2 scorpions
  A jelly (D:5)
  2 orc wizards (D:4)
  An orc priest (D:4)
  2 worker ants (D:4)
  A hound skeleton (D:4)
  5 adders
  An ooze (D:1)
  An adder skeleton (D:4)
  A worm (D:2)
  2 giant geckos (D:2)
  10 orcs
  2 giant cockroaches (D:3)
  4 goblins
  5 hobgoblins
  11 jackals
  3 quokkas
  5 bats
  4 giant newts (D:2)
  3 kobolds
  3 rats
70 creatures vanquished.

Notes
Turn   | Place    | Note
--------------------------------------------------------------
     0 | D:1      | Chiseanne the Centaur Air Elementalist began the quest for the Orb.
     0 | D:1      | Reached XP level 1. HP: 14/14 MP: 3/3
   464 | D:1      | Reached skill level 1 in Fighting
   468 | D:1      | Reached XP level 2. HP: 18/23 MP: 4/4
   667 | D:1      | Reached skill level 1 in Armour
   889 | D:2      | Reached XP level 3. HP: 22/29 MP: 1/5
  1119 | D:2      | Found a bloodstained altar of Trog.
  1204 | D:2      | Learned a level 2 spell: Repel Missiles
  2355 | D:3      | Noticed M4edhros's ghost (amateur OpAr)
  2555 | D:3      | Reached XP level 4. HP: 34/37 MP: 6/6
  3127 | D:4      | Reached skill level 3 in Fighting
  3216 | D:4      | Noticed Sigmund
  3232 | D:5      | Entered Level 5 of the Dungeon
  3232 | D:5      | Found an opulent altar of Gozag.
  3431 | D:5      | Became a worshipper of Gozag Ym Sagoz the Greedy
  3455 | D:5      | Noticed an ogre
  3486 | D:5      | Killed an ogre
  3486 | D:5      | Reached XP level 5. HP: 32/45 MP: 2/7
  3495 | D:5      | Found a staircase to the Ecumenical Temple.
  3987 | D:4      | Reached skill level 4 in Fighting
  4063 | D:4      | Reached XP level 6. HP: 21/52 MP: 4/8
  4586 | D:5      | HP: 2/55 [quokka (3)]
  4887 | D:5      | Reached skill level 5 in Fighting
  5032 | D:5      | HP: 2/56 [scorpion (4)]
  5033 | D:5      | Succumbed to a scorpion's poison

Vault maps used:
D:1:      minmay_arrival_checkered_box
D:2:      nicolae_overflow_hidden_temple, first_bread, nrook_loot_triangle
D:4:      uniq_sigmund
D:5:      lemuel_crystal_altar, minmay_temple_entry_hall,
          kennysheep_cluttered_room, hangedman_abyss_or_decor_stagger,
          ldierk_geyser

Action                   |  1- 3 |  4- 6 || total
-------------------------+-------+-------++-------
Melee: Spear             |   169 |   160 ||   329
 Cast: Shock             |    10 |    51 ||    61
Invok: Potion Petition   |       |     1 ||     1
  Use: Scroll            |     9 |     3 ||    12
       Potion            |       |     5 ||     5
  Eat: Chunk             |     4 |     3 ||     7
       Fruit             |       |     3 ||     3
       Beef jerky        |       |     1 ||     1
       Pizza             |       |     2 ||     2
